 Dungeon Crawl Stone Soup version 0.27-a0-1434-g6f15984924 (webtiles) character file.

Game seed: 2137020696176021899

18 Brandom the Insei (level 2, -4/19 HPs)
             Began as an Octopode Transmuter on July 2, 2021.
             Was a Follower of Elyvilon.
             Slain by a gnoll (10 damage)
             ... on level 1 of the Dungeon.
             The game lasted 00:01:42 (771 turns).

Brandom the Insei (Octopode Transmuter)              Turns: 771, Time: 00:01:43

Health: -4/19      AC:  1    Str:  9    XL:     2   Next: 70%
Magic:  4/5        EV: 13    Int: 15    God:    Elyvilon [*.....]
Gold:   17         SH:  0    Dex: 12    Spells: 4/5 levels left

rFire    . . .     SeeInvis .     - Unarmed
rCold    . . .     Faith    .   (no shield)
rNeg     . . .     Spirit   .   (helmet currently unavailable)
rPois    .         Reflect  .   (no amulet)
rElec    .         Harm     .   (no ring)
rCorr    .         Rampage  .   (no ring)
Will     .....                  (no ring)
Stlth    ++........             (no ring)
HPRegen  0.06/turn              (no ring)
MPRegen  0.09/turn              (no ring)
                                (no ring)
                                (no ring)

@: appendages
A: tentacle spike 3, almost no armour, amphibious, 8 rings, camouflage 1,
gelatinous body 1, (nimble swimmer 1), tentacles
a: End Transformation, Renounce Religion, Lesser Healing, Divine Protection


You were on level 1 of the Dungeon.
You worshipped Elyvilon.
Elyvilon was aware of your devotion.
One of your tentacles had grown a beastly spike.
You visited 1 branch of the dungeon, and saw 1 of its levels.

You collected 17 gold pieces.

Inventory:

Potions
 a - a potion of curing {unknown}


   Skills:
 * Level 1.7 Fighting
 + Level 2.2 Dodging
 + Level 3.1 Unarmed Combat
 + Level 2.1 Spellcasting
 + Level 2.1 Transmutations


You had 4 spell levels left.
You knew the following spells:

 Your Spells              Type           Power      Damage    Failure   Level
a - Beastly Appendage     Tmut           16%        N/A       9%          1

Your spell library contained the following spells:

 Spells                   Type           Power      Damage    Failure   Level
 Wereblood                Tmut           8%         N/A       14%         2
 Pain                     Necr           4%         1d4       22%         1
 Static Discharge         Conj/Air       1%         N/A       32%         2
 Spider Form              Tmut/Pois      2%         N/A       38%         3
 Ice Form                 Ice/Tmut       4%         N/A       80%         4
 Agony                    Necr           1%         N/A       99%         5
 Excruciating Wounds      Necr           0%         N/A       99%         5
 Lightning Bolt           Conj/Air       0%         1d11      99%         5
 Maxwell's Capacitive Co  Air            0%         ∞         100%        8


Dungeon Overview and Level Annotations

Branches:
Dungeon (1/15)

Altars:
Elyvilon
Kikubaaqudgha

Shops:
D:1 *


Innate Abilities, Weirdness & Mutations

One of your tentacles has grown a beastly spike.
You cannot wear most types of armour.
You are amphibious.
You can wear up to eight rings at the same time.
Your skin changes colour to match your surroundings (Stealth+).
Your rubbery body absorbs attacks. (AC +1, EV +1)
((You are camouflaged near water. (Stealth+)))
You have tentacles for arms and can constrict up to eight enemies at once.


Message History

You are frozen.
You tentacle-slap the endoplasm. The endoplasm freezes you.
You are frozen.
You tentacle-slap the endoplasm.
You kill the endoplasm!
No target in view! 2 jackals come into view.
The jackal barks!
A jackal comes into view.
The jackal closely misses you.
One of your tentacles grows a vicious spike.
The jackal bites you. x2
You barely miss the jackal. You grab the jackal. You squeeze the jackal.
You kill the jackal!
No target in view!
No target in view!
You start resting.
Your transformation is almost over.
Your tentacle spike disappears.
Found a bubbling green potion.
You tentacle-slap the jackal but do no damage.
You grab the jackal. You constrict the jackal. The jackal closely misses you.
You barely miss the jackal. You constrict the jackal. The jackal misses you.
You completely miss the jackal.
You tentacle-slap the jackal, but do no damage.
You constrict the jackal.
You kill the jackal!
No target in view!
A gnoll comes into view. It is wielding a +0 spear.
You see here 11 gold pieces.
You see here a bubbling green potion.
The jackal barks!
You tentacle-slap the jackal. Your grab misses the jackal.
The jackal completely misses you.
You tentacle-slap the jackal.
You kill the jackal!
You see here a jackal corpse.
The gnoll shouts!
One of your tentacles grows a vicious spike.
The gnoll hits you with a +0 spear.
You closely miss the gnoll. You grab the gnoll.
You constrict the gnoll, but do no damage.
The gnoll hits you with a +0 spear.
* * * LOW HITPOINT WARNING * * *
Unknown command.
You tentacle-slap the gnoll.
You pierce the gnoll.
You squeeze the gnoll. You constrict the gnoll.
The gnoll hits you with a +0 spear!
Ouch! That really hurt!
You die...

###### #....#####
#.!.....##
####.##$.#######
##########.†.@g......g
#..........##..#######
#..........###.†#
#..........# ##...#
#..........######.#
######..............
#..##.##..######
##.##......###
#.....#.#...###


You could see a gnoll.

Vanquished Creatures
  A dart slug (D:1)
  2 ball pythons (D:1)
  4 endoplasms (D:1)
  A giant cockroach (D:1)
  3 jackals (D:1)
  A frilled lizard (D:1)
  2 kobolds (D:1)
14 creatures vanquished.

Notes
Turn   | Place    | Note
-------+----------+-------------------------------------------
     0 | D:1      | Brandom the Octopode Transmuter began the quest for the
                  | Orb.
     0 | D:1      | Reached XP level 1. HP: 13/13 MP: 3/3
    10 | D:1      | Found an ancient bone altar of Kikubaaqudgha.
   417 | D:1      | Found a faded altar of an unknown god.
   430 | D:1      | Became a worshipper of Elyvilon the Healer
   430 | D:1      | Reached * piety under Elyvilon
   434 | D:1      | Reached XP level 2. HP: 14/18 MP: 5/5
   504 | D:1      | Found Oli Duto's General Store.
   771 | D:1      | Slain by a gnoll

Illustrated notes

Levels and vault maps discovered:
D:1:      dpeg_arrival_water_altar, layout_rooms, serial_shops, shop,
          hellmonk_ecumenical_altar_pennies_from_heaven

Action                   || total
-------------------------++-------
Melee: Unarmed           ||    30
       Tentacles         ||    10
       Constrict         ||     9
       Kick              ||     1
       Punch             ||     1
 Cast: Beastly Appendage ||     2
 Stab: Sleeping          ||     3
Dodge: Dodged            ||    16

Table legend: (Time is in decaauts)
 A = Elapsed time spent in this place.
 B = Non-inter-level travel time spent in this place.
 C = Inter-level travel time spent in this place.
 D = Time resting spent in this place.
 E = Time spent auto-exploring this place.
 F = Levels seen in this place.
 G = Mean time per level.
                   A        B        C        D        E       F      G
               +--------+--------+--------+--------+--------+-----+--------+
         Total |    769 |    769 |      0 |    289 |    341 |   1 |  769.0 |
       Dungeon |    769 |    769 |      0 |    289 |    341 |   1 |  769.0 |
               +--------+--------+--------+--------+--------+-----+--------+

Top non-repeatable levels by time:
     D:1: 769 daAuts
